 Dungeon Crawl Stone Soup version 0.27-a0-96-gb51a1d6fd6 (webtiles) character file.

Game seed: 14848597655944265529

113 Klosterheim the Chiller (level 4, -6/33 HPs)
             Began as a Demonspawn Ice Elementalist on Jan 19, 2021.
             Mangled by an ogre
             ... wielding a +0 giant spiked club
              (21 damage)
             ... on level 4 of the Dungeon.
             The game lasted 00:14:23 (3771 turns).

Klosterheim the Chiller (DsIE)                      Turns: 3771, Time: 00:14:24

Health: -6/33      AC:  4    Str:  9    XL:     4   Next: 65%
Magic:  7/7        EV: 13    Int: 17    God:
Gold:   158        SH:  0    Dex: 13    Spells: 6/7 levels left

rFire    + . .     SeeInvis .   h - +1 spear
rCold    . . .     Faith    .   (no shield)
rNeg     . . .     Spirit   .   a - +0 robe
rPois    .         Reflect  .   (no helmet)
rElec    .         Harm     .   (no cloak)
rCorr    +         Rampage  .   (no gloves)
Will     .....                  (no boots)
Stlth    ++........             (no amulet)
HPRegen  0.11/turn              l - ring of resist corrosion
MPRegen  0.10/turn              m - ring of protection from fire

@: no status effects
A: rugged brown scales 2
a: no special abilities


You were on level 4 of the Dungeon.
You visited 1 branch of the dungeon, and saw 4 of its levels.

You collected 158 gold pieces.

Inventory:

Hand Weapons
 h - a +1 spear (weapon)
 p - a +0 morningstar
Armour
 a - a +0 robe (worn)
Jewellery
 l - a ring of resist corrosion (left hand)
 m - a ring of protection from fire (right hand)
Wands
 o - a wand of random effects (23)
Scrolls
 b - a scroll of fog
 d - 2 scrolls of identify
 i - a scroll of remove curse
Potions
 e - 2 potions of haste
 f - a potion of lignification
 g - a potion of curing


   Skills:
 - Level 1.0 Fighting
 - Level 3.0 Dodging
 - Level 2.0 Stealth
 - Level 2.0 Spellcasting
 + Level 4.7 Ice Magic


You had 6 spell levels left.
You knew the following spells:

 Your Spells              Type           Power        Failure   Level
a - Freeze                Ice            68%          2%          1

Your spell library contained the following spells:

 Spells                   Type           Power        Failure   Level
 Frozen Ramparts          Ice            34%          9%          3
 Ozocubu's Armour         Ice            17%          9%          3
 Hailstorm                Conj/Ice       9%           58%         4
 Summon Ice Beast         Ice/Summ       9%           58%         4


Dungeon Overview and Level Annotations

Branches:
Dungeon (4/15)
 Temple: D:4-7

Altars:
Nemelex Xobeh

Annotations:
D:3 Grinder


Innate Abilities, Weirdness & Mutations

You are mostly covered in rugged brown scales. (AC +2, +5% HP)


Message History

An ogre comes into view. It is wielding a +0 giant spiked club.
The human skeleton hits you.
The ogre shouts!
You hit the human skeleton.
The human skeleton is heavily damaged.
The human skeleton hits you.
You hit the human skeleton.
The human skeleton is heavily damaged.
The human skeleton hits you.
You barely miss the human skeleton.
The human skeleton is heavily damaged.
The human skeleton barely misses you.
There is an open door here.
Okay, then.
You feel better. The human skeleton barely misses you.
The ogre hits you with a +0 giant spiked club!
The ogre closely misses you.
The ogre hits you with a +0 giant spiked club!!
Ouch! That really hurt!
You die...

#.# # #.# # #.
#.# #.###. #.#
......###.#
......#.#######.#
#..............
#@#<.†......#
#.O##########
#.Z.# #.#'# #.#.#
###.# #.+ ###


You could see an ogre and a human skeleton.

Vanquished Creatures
  An orc wizard (D:3)
  An ooze (D:3)
  A dart slug (D:1)
  A leopard gecko (D:3)
  4 orcs
  4 bats
  5 giant cockroaches
  8 goblins
  8 hobgoblins
  10 jackals
  8 kobolds
  A quokka (D:2)
  6 frilled lizards
  9 rats
67 creatures vanquished.

Notes
Turn   | Place    | Note
-------+----------+-------------------------------------------
     0 | D:1      | Klosterheim the Demonspawn Ice Elementalist began the quest
                  | for the Orb.
     0 | D:1      | Reached XP level 1. HP: 13/13 MP: 3/3
   335 | D:1      | Gained mutation: You are partially covered in rugged brown
                  | scales. (AC +1, +3% HP) [demonic ancestry]
   335 | D:1      | Reached XP level 2. HP: 4/20 MP: 0/5
   635 | D:1      | Reached skill level 1 in Fighting
   980 | D:1      | Reached skill level 4 in Ice Magic
  1400 | D:2      | Gained mutation: You are mostly covered in rugged brown
                  | scales. (AC +2, +5% HP) [demonic ancestry]
  1400 | D:2      | Reached XP level 3. HP: 12/27 MP: 1/6
  2286 | D:3      | Noticed Grinder
  2492 | D:3      | Found a sparkling altar of Nemelex Xobeh.
  2794 | D:3      | Reached XP level 4. HP: 33/33 MP: 5/7
  3763 | D:4      | Noticed an ogre
  3771 | D:4      | Mangled by an ogre

Illustrated notes

Levels and vault maps discovered:
D:1:      dpeg_arrival_boxes_within_box, layout_basic
D:2:      layout_basic
D:3:      layout_loops_corners, nemelex_xobeh_ov_fountains_minmay,
          chequers_mini_garden, uniq_grinder
D:4:      layout_loops_ring, tgw_trog, kennysheep_mini_moat,
          kiku_gazebo_garden_becter, portal_sewer_entry_f,
          ebering_ghost_reflecting_pool, nicolae_ossuary_entry_catacombs,
          minmay_cupped

Skill      XL: |  1  2  3  4 |
---------------+-------------+-----
Stealth        | 2 |  2.0
Dodging        | 2 3 |  3.0
Fighting       | 1 |  1.0
Ice Magic      | 4 |  4.7
Spellcasting   | |  2.0

Action                   |  1- 3 |  4- 6 || total
-------------------------+-------+-------++-------
Melee: Unarmed           |    28 |       ||    28
       Spear             |    65 |    62 ||   127
 Cast: Freeze            |    58 |    11 ||    69
  Use: Scroll            |       |     9 ||     9
       Potion            |       |     1 ||     1
 Stab: Sleeping          |     3 |       ||     3
Armor: Robe              |    33 |     8 ||    41
Dodge: Dodged            |    80 |    41 ||   121

Table legend: (Time is in decaauts)
 A = Elapsed time spent in this place.
 B = Non-inter-level travel time spent in this place.
 C = Inter-level travel time spent in this place.
 D = Time resting spent in this place.
 E = Time spent auto-exploring this place.
 F = Levels seen in this place.
 G = Mean time per level.
                   A        B        C        D        E       F      G
               +--------+--------+--------+--------+--------+-----+--------+
         Total |   3783 |   3461 |    322 |   1001 |   1810 |   4 |  945.8 |
       Dungeon |   3783 |   3461 |    322 |   1001 |   1810 |   4 |  945.8 |
               +--------+--------+--------+--------+--------+-----+--------+

Top non-repeatable levels by time:
     D:1: 1239 daAuts
     D:3: 1191 daAuts
     D:2: 1167 daAuts
     D:4: 185 daAuts
